 Dungeon Crawl Stone Soup version 0.30-a0-12-gd8047c6341 (webtiles) character file.

Game seed: 10509431586596607483

2009 Newt the Chopper (level 9, -1/63 (69) HPs)
             Began as a Demonspawn Gladiator on Aug 23, 2022.
             Was an Initiate of Gozag.
             Slain by a wyvern (14 damage)
             ... on level 7 of the Dungeon.
             The game lasted 00:11:17 (8133 turns).

Newt the Chopper (Demonspawn Gladiator)             Turns: 8133, Time: 00:11:18

HP:   -1/63 (69)    AC:  6    Str: 18    XL:     9   Next: 2%
MP:   9/9           EV: 14    Int: 19    God:    Gozag
Gold: 654           SH:  0    Dex: 16    Spells: 8/8 levels left

rFire   . . .      SeeInvis .    e - +2 war axe (elec)
rCold   + . .      Faith    .    (no shield)
rNeg    + . .      Spirit   .    C - +0 leather armour "Optenk" {rN+ Will+ Int+4}
rPois   .          Reflect  .    (helmet restricted)
rElec   .          Harm     .    B - +0 cloak
rCorr   .          Rampage  .    (no gloves)
Will    +....                    w - +1 pair of boots
Stlth   ++........               (no amulet)
HPRegen 0.20/turn                f - ring of protection from cold
MPRegen 0.11/turn                m - +6 ring of intelligence

@: gold aura, drained
A: horns 1, repulsion field 1, foul stench 1, demonic magic 1
a: Renounce Religion, Potion Petition, Call Merchant, Bribe Branch


You were on level 7 of the Dungeon.
You worshipped Gozag.
Gozag was pleased with you.
You visited 2 branches of the dungeon, and saw 8 of its levels.
You also visited: Sewer.

You collected 715 gold pieces.
You paid 61 gold pieces to Gozag.

Inventory:

Hand Weapons
 a - a +0 rapier
 e - a +2 war axe of electrocution (weapon)
 s - a +0 sling of freezing
 F - a +5 morningstar
Missiles
 d - 2 throwing nets (quivered)
 i - 74 stones
 r - 3 javelins
 t - 4 poisoned darts
 A - 5 curare-tipped darts
Armour
 b - a +0 leather armour
 c - a +0 helmet
 w - a +1 pair of boots (worn)
 z - a +0 ring mail
 B - a +0 cloak (worn)
 C - the +0 leather armour "Optenk" (worn) {rN+ Will+ Int+4}
   (You found it on level 6 of the Dungeon)

   Int:       It affects your intelligence (+4).
   rN:        It protects you from negative energy.
   Will:      It increases your willpower.
Jewellery
 f - a ring of protection from cold (left hand)
 m - a +6 ring of intelligence (right hand)
Wands
 u - a wand of mindburst (9)
 y - a wand of paralysis (1)
Scrolls
 j - a scroll of magic mapping
 k - a scroll of amnesia
 q - 3 scrolls of teleportation
 E - a scroll of fear
Potions
 g - 3 potions of magic {unknown}
 h - a potion of mutation {unknown}
 l - a potion of resistance
 n - 7 potions of curing
 o - a potion of haste {unknown}
 p - 2 potions of ambrosia {unknown}
 v - a potion of heal wounds {unknown}
 x - a potion of cancellation {unknown}
 D - a potion of lignification {unknown}


   Skills:
 - Level 6.0 Fighting
 - Level 2.8 Short Blades
 - Level 6.0 Axes
 - Level 5.0 Throwing
 + Level 0.9 Armour
 - Level 2.6 Dodging
 - Level 2.0 Stealth
 - Level 5.0 Evocations


You had 8 spell levels left.
You didn't know any spells.
Your spell library contained the following spells:

 Spells                   Type           Power      Damage    Failure   Level
 Shock                    Conj/Air       0%         1d3       24%         1
 Blink                    Tloc           0%         N/A       36%         2
 Dazzling Flash           Conj/Hex       0%         N/A       58%         3
 Lesser Beckoning         Tloc           0%         N/A       58%         3
 Swiftness                Air            0%         N/A       58%         3
 Airstrike                Air            0%         2d(0-16)  94%         4
 Agony                    Necr           0%         N/A       100%        5
 Manifold Assault         Tloc           0%         N/A       100%        5
 Silence                  Hex/Air        0%         N/A       100%        5


Dungeon Overview and Level Annotations

Branches:
Dungeon (6/15)             Temple (1/1) D:4           Sewer (visited)

Altars:
Ashenzari
Cheibriados
Dithmenos
Gozag
Makhleb
Qazlal
Sif Muna
Vehumet
Xom
Yredelemnul


Innate Abilities, Weirdness & Mutations

You have a pair of small horns on your head.
You are surrounded by a mild repulsion field. (EV +2)
You may rarely emit foul miasma when damaged in melee.
Spells you cast may paralyse adjacent enemies.


Message History

Found a snail-covered altar of Cheibriados.
n - 7 potions of curing (gained 1)
An orc comes into view. It is wielding a +0 hand axe.
The orc shouts!
An orc wizard comes into view. It is wielding a +0 dagger.
There are monsters nearby!
An orc comes into view. It is wielding a +3 trident.
A wyvern comes into view.
The orc closely misses you.
You completely miss the orc.
The wyvern hisses angrily.
You headbutt the orc.
The orc is almost dead.
You hear a shout!
An orc comes into view. It is wielding a +0 short sword.
The orc hits you with a +0 hand axe. x2
The orc shouts!
You hit the orc.
You kill the orc!
You hit the wyvern.
The wyvern is lightly wounded.
The wyvern barely misses you. The wyvern closely misses you.
The orc wizard gestures wildly while chanting.
The orc wizard flickers and vanishes!
Deactivating autopickup; reactivate with Ctrl-A.
You slash the wyvern!
The wyvern is heavily wounded.
The wyvern bites you. The wyvern bites you!
You barely miss the wyvern.
The wyvern is heavily wounded.
The wyvern closely misses you. The wyvern bites you!
You are too injured to fight recklessly!
Unknown command.
You closely miss the wyvern.
The wyvern is heavily wounded.
The wyvern bites you!
* * * LOW HITPOINT WARNING * * *
The wyvern bites you!
You die...
Your body crumbles into a pile of gold.

... #.. #.♣♣♣♣ #.♣..♣ $
#....♣ ## #####.._.♣ .#
# ##...#....♣#[##.#
########.$....♣ ♣.....
....o{l@......♣♣♣♣..####
....o###................
### ##...#...##..#### $
##########..# #>.# #..#
#..# #####..####
#..........


You could see a wyvern and 2 orcs.

Vanquished Creatures
  A water moccasin (D:5)
  2 ogres
  3 phantoms
  2 necrophages (D:5)
  5 scorpions
  9 wights
  A howler monkey (D:5)
  A jelly (D:5)
  2 hounds (D:5)
  2 orc priests
  3 iguanas
  Ijyb (D:5)
  3 orc wizards
  A hell rat (Sewer)
  8 adders
  5 river rats
  A white imp (D:6)
  4 worms
  18 orcs
  8 ball pythons
  6 endoplasms
  6 giant cockroaches
  4 goblins
  7 hobgoblins
  8 jackals
  3 quokkas
  7 bats
  A frilled lizard (D:1)
  3 kobolds
  14 rats
139 creatures vanquished.

Notes
Turn   | Place    | Note
-------+----------+-------------------------------------------
     0 | D:1      | Newt the Demonspawn Gladiator began the quest for the Orb.
     0 | D:1      | Reached XP level 1. HP: 16/16 MP: 1/1
   195 | D:1      | Reached skill level 1 in Stealth
   289 | D:1      | Gained mutation: You are surrounded by a mild repulsion
                  | field. (EV +2) [demonic ancestry]
   289 | D:1      | Reached XP level 2. HP: 22/22 MP: 2/2
   966 | D:2      | Reached XP level 3. HP: 26/28 MP: 3/3
  1172 | D:2      | Found a faded altar of an unknown god.
  1665 | D:3      | Reached XP level 4. HP: 5/37 MP: 4/4
  2741 | D:3      | Reached skill level 1 in Axes
  2966 | D:3      | Found a shimmering altar of Xom.
  2978 | D:3      | Reached XP level 5. HP: 42/42 MP: 5/5
  3031 | D:3      | HP: 2/42 [poisoned by an adder]
  3831 | D:4      | Noticed a phantom
  3836 | D:4      | Killed a phantom
  3873 | D:4      | Gained mutation: You may rarely emit foul miasma when
                  | damaged in melee. [demonic ancestry]
  3873 | D:4      | Reached XP level 6. HP: 25/48 MP: 6/6
  4132 | D:4      | Found a broken altar of Ashenzari.
  4468 | D:4      | Found a staircase to the Ecumenical Temple.
  4477 | Temple   | Entered the Ecumenical Temple
  4482 | Temple   | Became a worshipper of Gozag Ym Sagoz the Greedy
  4609 | D:4      | Found a shadowy altar of Dithmenos.
  4774 | D:5      | Entered Level 5 of the Dungeon
  4776 | D:5      | Noticed Ijyb
  4784 | D:5      | Paralysed by Ijyb for 5 turns
  4800 | D:5      | Killed Ijyb
  4893 | D:5      | Reached skill level 5 in Axes
  4919 | D:5      | Gained mutation: Spells you cast may paralyse adjacent
                  | enemies. [demonic ancestry]
  4919 | D:5      | Reached XP level 7. HP: 21/54 MP: 7/7
  5981 | D:5      | Found a burning altar of Makhleb.
  5994 | D:5      | Found a stormy altar of Qazlal.
  6225 | D:5      | Gained mutation: You have a pair of small horns on your
                  | head. [demonic ancestry]
  6225 | D:5      | Reached XP level 8. HP: 49/60 MP: 8/8
  6624 | D:6      | Reached skill level 5 in Throwing
  6624 | D:6      | Reached skill level 1 in Evocations
  6627 | D:6      | Identified the +0 leather armour "Optenk" {rN+ Will+ Int+4}
  6720 | D:6      | Found a glowing drain.
  6731 | Sewer    | Entered a sewer
  7177 | D:6      | Reached skill level 5 in Evocations
  7397 | D:6      | Reached skill level 5 in Fighting
  7675 | D:6      | You fall into a shaft and drop 1 floor!
  7823 | D:7      | Reached XP level 9. HP: 9/63 MP: 9/9
  8119 | D:7      | Found a snail-covered altar of Cheibriados.
  8133 | D:7      | Slain by a wyvern

Illustrated notes

Levels and vault maps discovered:
D:1:      minmay_arrival_plants_in_alcoves, layout_loops_cross,
          grunt_decor_fettered, minivault_24, minmay_tromino_v4_a
D:2:      layout_basic, basic_ecumenical_altar
D:3:      layout_loops_cross, xom_teletrap_fun
D:4:      layout_loops_ring, grunt_dithmenos_smoke_and_mirrors,
          mainiacjoe_overflow_alcove_4, lemuel_temple_firewalk_a,
          kennysheep_pointless_box
D:5:      layout_basic, mainiacjoe_overflow_catwalk_spiral, uniq_ijyb
D:6:      layout_loops_ring, gup_sewer_entry_bubbles, serial_rivers,
          chequers_serial_rivers_small_a, chequers_serial_rivers_micro_e,
          chequers_serial_rivers_micro_a, chequers_serial_rivers_small_a,
          chequers_serial_rivers_large_a, uniq_crazy_yiuf_cottage
D:7:      layout_loops_ring, mainiacjoe_overflow_alcove_1, trog_butcher_becter
Temple:   nicolae_temple_ecumenical_triangle

Skill      XL: |  1  2  3  4  5  6  7  8 |
---------------+-------------------------+-----
Stealth        | 1 2 |  2.0
Fighting       | 3 4 6 |  6.0
Axes           | 1 3 5 6 |  6.0
Throwing       | 4 5 |  5.0
Evocations     | 5 |  5.0
Short Blades   | |  2.8
Armour         | |  0.9
Dodging        | |  2.6

Action                   |  1- 3 |  4- 6 |  7- 9 || total
-------------------------+-------+-------+-------++-------
Melee: Rapier            |   146 |    36 |       ||   182
       Punch             |     1 |     1 |     3 ||     5
       War axe           |       |    99 |   194 ||   293
       Headbutt          |       |       |    25 ||    25
Throw: Throwing net      |     1 |     3 |     2 ||     6
       Stone             |       |     2 |       ||     2
       Javelin           |       |     2 |       ||     2
       Dart              |       |       |     2 ||     2
Evoke: Wand              |       |       |     1 ||     1
  Use: Scroll            |     5 |     2 |     4 ||    11
 Stab: Sleeping          |     4 |     5 |     3 ||    12
       Distracted        |     2 |       |       ||     2
Armor: Leather armour    |    31 |    35 |    26 ||    92
       Ring mail         |       |       |     1 ||     1
Dodge: Dodged            |   115 |    91 |   118 ||   324

Table legend: (Time is in decaauts)
 A = Elapsed time spent in this place.
 B = Non-inter-level travel time spent in this place.
 C = Inter-level travel time spent in this place.
 D = Time resting spent in this place.
 E = Time spent auto-exploring this place.
 F = Levels seen in this place.
 G = Mean time per level.
                   A        B        C        D        E       F      G
               +--------+--------+--------+--------+--------+-----+--------+
         Total |   8256 |   8150 |    106 |   2219 |   4568 |   9 |  917.3 |
       Dungeon |   7859 |   7753 |    106 |   2219 |   4268 |   7 | 1122.7 |
        Temple |     10 |     10 |      0 |      0 |      0 |   1 |   10.0 |
         Sewer |    386 |    386 |      0 |      0 |    299 |   1 |  386.0 |
               +--------+--------+--------+--------+--------+-----+--------+

Top non-repeatable levels by time:
     D:3: 2279 daAuts
     D:5: 1862 daAuts
     D:4: 966 daAuts
     D:1: 929 daAuts
     D:6: 735 daAuts
     D:2: 624 daAuts
     D:7: 461 daAuts
   Sewer: 386 daAuts
  Temple: 10 daAuts
